 Dungeon Crawl Stone Soup version 0.28-a0-1236-gb25a51b929 (webtiles) character file.

Game seed: 1289640755236176326

1080 browni3141 the Cleaver (level 8, -1/61 HPs)
             Began as a Ghoul Gladiator on Dec 25, 2021.
             Slain by a gargoyle (20 damage)
             ... on level 6 of the Dungeon.
             The game lasted 00:12:00 (5138 turns).

browni3141 the Cleaver (Ghoul Gladiator)            Turns: 5138, Time: 00:12:01

Health: -1/61      AC:  6    Str: 20    XL:     8   Next: 29%
Magic:  0/2        EV: 12    Int:  3    God:
Gold:   227        SH:  0    Dex: 10    Spells: 7/7 levels left

rFire   . . .      SeeInvis .   n - +8 Wrath of Trog {antimagic, *Rage Rampage}
rCold   + . .      Faith    .   (shield currently unavailable)
rNeg    + + +      Spirit   +   b - +0 leather armour
rPois   ∞          Reflect  .   z - +2 hat
rElec   .          Harm     .   s - +0 cloak
rCorr   +          Rampage  +   (no gloves)
Will    .....                   (no boots)
Stlth   +.........              m - amulet of guardian spirit
HPRegen 0.00/turn               p - ring of resist corrosion
MPRegen 0.08/turn               (no ring)

@: inhibited regen
A: claws 1, cold resistance 1, negative energy resistance 3, inhibited
regeneration, torment resistance 2
a: no special abilities


You were on level 6 of the Dungeon.
You visited 1 branch of the dungeon, and saw 6 of its levels.

You collected 227 gold pieces.

Inventory:

Hand Weapons
 a - a +0 war axe
 f - a +0 hunting sling
 h - a +1 dagger of venom
 n - the +8 Wrath of Trog (weapon) {antimagic, *Rage Rampage}
   (You acquired it on level 4 of the Dungeon)

   It reduces the magical energy of the wielder, and disrupts the spells and
   magical abilities of those it strikes.
   Natural abilities and divine invocations are not affected.
   It causes slowness and exhaustion when equipped.
   It extends the wielder's berserk rage when killing foes.
   *Rage:     It berserks you when you make melee attacks (+50% chance).
   Rampage:   It bestows one free step when moving towards enemies.
Missiles
 g - 184 stones
 k - 6 javelins (quivered)
Armour
 b - a +0 leather armour (worn)
 c - a +0 helmet
 s - a +0 cloak (worn)
 z - a +2 hat (worn)
Jewellery
 m - an amulet of guardian spirit (around neck)
 p - a ring of resist corrosion (left claw)
 y - an amulet of reflection
Wands
 t - a wand of paralysis (9)
Scrolls
 e - 3 scrolls of identify
 j - a scroll of enchant weapon
 l - a scroll of noise
 q - a scroll of silence {unknown}
 r - a scroll of torment {unknown}
 v - a scroll of amnesia {unknown}
 w - 3 scrolls of enchant armour {unknown}
 A - a scroll of fear {unknown}
Potions
 d - a potion of might {unknown}
 i - a potion of attraction {unknown}
 o - a potion of cancellation {unknown}
 u - 2 potions of lignification {unknown}
 x - a potion of brilliance {unknown}


   Skills:
 - Level 2.1 Fighting
 * Level 9.2 Axes
 - Level 1.7 Throwing
 - Level 2.6 Dodging


You had 7 spell levels left.
You didn't know any spells.
Your spell library was empty.

Dungeon Overview and Level Annotations

Branches:
Dungeon (6/15)
 Temple: D:4-7

Altars:
Qazlal


Innate Abilities, Weirdness & Mutations

You thrive by killing the living.
You are immune to poison.
You have sharp fingernails.
Your flesh is cold resistant. (rC+)
You are immune to negative energy. (rN+++)
You do not regenerate when monsters are visible.
You are immune to unholy pain and torment.


Message History

There is a stone staircase leading up here.
There is a stone staircase leading down here.
You climb downwards.
Found 22 stones and 11 gold pieces.
There is a stone staircase leading up here.
g - 184 stones (gained 22)
You now have 227 gold pieces (gained 11).
Found a stone staircase leading down.
A - a scroll labelled TOULUI PUEMA A gargoyle comes into view.
It is wielding a +2 morningstar of protection.
Found 14 gold pieces.
You see here 2 scrolls labelled OXTEUPSIKUAQ.
A gargoyle is nearby!
A gargoyle is nearby!
A gargoyle is nearby!
w - 3 scrolls labelled OXTEUPSIKUAQ (gained 2)
You rampage towards the gargoyle!
Found a ring mail.
You hit the gargoyle but do no damage.
The gargoyle hurls a stone arrow at you.
The stone arrow hits you!
You barely miss the gargoyle. The gargoyle closely misses you.
You barely miss the gargoyle.
The gargoyle hits you but does no damage.
You slice the gargoyle!!
The gargoyle is severely damaged.
The gargoyle hits you with a +2 morningstar of protection!
The gargoyle hurls a stone arrow at you.
The stone arrow misses you.
You closely miss the gargoyle.
The gargoyle is severely damaged.
The gargoyle hurls a stone arrow at you.
The stone arrow hits you!!
You hit the gargoyle.
The gargoyle is almost destroyed.
The gargoyle hurls a stone arrow at you.
The stone arrow misses you.
You barely miss the gargoyle.
The gargoyle is almost destroyed.
The gargoyle hits you with a +2 morningstar of protection!!
You die...

##[.......#
#$........##
.##..........###
................
#.............
#..........#
#......9.#
#.....@.#
#.....### .#
#......## ..#
##.#....## #..##
#
##....####....#
##...##......#
##..........#
#..........#
##.........###


You could see a gargoyle.

Vanquished Creatures
  Menkaure (D:5)
  2 black bears
  A sky beast (D:5)
  An ice beast (D:3)
  Blork the orc (D:5)
  A kobold brigand (D:5)
  2 scorpions (D:5)
  A jelly (D:5)
  3 hounds
  An orc priest (D:5)
  An orc wizard (D:4)
  A hound zombie (D:5)
  2 hound skeletons (D:4)
  Robin (D:2)
  2 adders
  A white imp (D:5)
  An ufetubus (D:4)
  2 worms
  5 dart slugs
  6 orcs
  6 endoplasms
  2 giant cockroaches
  7 hobgoblins
  3 jackals (D:1)
  3 quokkas
  6 ball pythons
  5 bats
  4 frilled lizards
  9 goblins
  9 kobolds
  6 rats
96 creatures vanquished.

Notes
Turn   | Place    | Note
-------+----------+-------------------------------------------
     0 | D:1      | browni3141 the Ghoul Gladiator began the quest for the Orb.
     0 | D:1      | Reached XP level 1. HP: 17/17 MP: 0/0
    44 | D:1      | Reached skill level 3 in Axes
   113 | D:1      | Reached XP level 2. HP: 24/24 MP: 1/1
   556 | D:1      | Reached XP level 3. HP: 26/29 MP: 2/2
   778 | D:1      | Reached skill level 4 in Axes
  1116 | D:2      | Found a stormy altar of Qazlal.
  1151 | D:2      | Found a faded altar of an unknown god.
  1193 | D:2      | Noticed Robin
  1207 | D:2      | Killed Robin
  1208 | D:2      | Reached XP level 4. HP: 30/36 MP: 3/3
  1515 | D:3      | Found a stormy altar of Qazlal.
  1714 | D:3      | Noticed an ice beast
  1742 | D:3      | Killed an ice beast
  1743 | D:3      | Reached skill level 5 in Axes
  1743 | D:3      | Reached XP level 5. HP: 16/41 MP: 4/4
  2155 | D:3      | Noticed a black bear
  3157 | D:4      | Reached XP level 6. HP: 31/48 MP: 2/5
  3343 | D:4      | Reached skill level 6 in Axes
  3586 | D:4      | Identified a scroll of acquirement
  3743 | D:4      | Acquired the +8 Wrath of Trog {antimagic, *Rage Rampage}
  3743 | D:4      | Found the +8 Wrath of Trog {antimagic, *Rage Rampage}
  3779 | D:5      | Entered Level 5 of the Dungeon
  3921 | D:5      | Noticed a sky beast
  3924 | D:5      | Killed a sky beast
  3925 | D:5      | Reached skill level 7 in Axes
  3925 | D:5      | Reached XP level 7. HP: 45/55 MP: 2/6
  4054 | D:5      | Noticed Menkaure
  4059 | D:5      | Killed Menkaure
  4101 | D:5      | Reached skill level 8 in Axes
  4616 | D:5      | Noticed Blork the orc
  4628 | D:5      | Killed Blork the orc
  4629 | D:5      | Reached XP level 8. HP: 30/61 MP: 1/7
  5037 | D:3      | Reached skill level 9 in Axes
  5130 | D:6      | Noticed a gargoyle
  5138 | D:6      | Slain by a gargoyle

Illustrated notes

Levels and vault maps discovered:
D:1:      amcnicky_arrival_choice, layout_rooms, serial_bayou_pond_b
D:2:      layout_loops_ring, ebering_ecumenical_altar_petrified, basic_altar,
          uniq_robin
D:3:      layout_basic, nicolae_qazlal_scattered_showers
D:4:      layout_rooms
D:5:      layout_basic, kennysheep_generic_room_10, uniq_blork_the_orc,
          uniq_menkaure
D:6:      layout_cave_pods

Skill      XL: |  1  2  3  4  5  6  7  8 |
---------------+-------------------------+-----
Axes           | 3 4 5 7 8 9 |  9.2
Fighting       | |  2.1
Throwing       | |  1.7
Dodging        | |  2.6

Action                   |  1- 3 |  4- 6 |  7- 9 || total
-------------------------+-------+-------+-------++-------
Melee: War axe           |   106 |   114 |       ||   220
       Battleaxe         |       |     9 |    47 ||    56
Throw: Throwing net      |       |     3 |       ||     3
       Javelin           |       |     5 |     3 ||     8
  Use: Scroll            |       |     4 |       ||     4
 Stab: Sleeping          |       |     1 |       ||     1
Armor: Leather armour    |    39 |    51 |    11 ||   101
Dodge: Dodged            |    92 |   105 |    39 ||   236

Table legend: (Time is in decaauts)
 A = Elapsed time spent in this place.
 B = Non-inter-level travel time spent in this place.
 C = Inter-level travel time spent in this place.
 D = Time resting spent in this place.
 E = Time spent auto-exploring this place.
 F = Levels seen in this place.
 G = Mean time per level.
                   A        B        C        D        E       F      G
               +--------+--------+--------+--------+--------+-----+--------+
         Total |   5233 |   4976 |    257 |    252 |   3376 |   6 |  872.2 |
       Dungeon |   5233 |   4976 |    257 |    252 |   3376 |   6 |  872.2 |
               +--------+--------+--------+--------+--------+-----+--------+

Top non-repeatable levels by time:
     D:3: 1336 daAuts
     D:5: 1084 daAuts
     D:1: 939 daAuts
     D:2: 922 daAuts
     D:4: 914 daAuts
     D:6: 36 daAuts
